 Dungeon Sprint DCSS version 0.30.1-4-g462c640d31 (webtiles) character file.

Game seed: 11742445060806115070

857 Heoruswealwe the Fetichist (level 7, -5/32 HPs)
             Began as a Spriggan Artificer on Aug 29, 2023.
             Slain by a deep troll (11 damage)
             ... in the Dungeon (Sprint I: "Red Sonja").
             The game lasted 00:03:34 (393 turns).

Heoruswealwe the Fetichist (Spriggan Artificer)      Turns: 393, Time: 00:03:35

Health: -5/32      AC:  2    Str:  8    XL:     7   Next: 70%
Magic:  8/8        EV: 24    Int: 15    God:
Gold:   654        SH:  0    Dex: 15    Spells: 6/6 levels left

rFire   . . .        a - +0 dagger
rCold   . . .        (no shield)
rNeg    . . .        c - +0 robe
rPois   .            (helmet restricted)
rElec   .            (no cloak)
rCorr   .            (gloves unavailable)
SInv    +            (boots unavailable)
Will    +....        (no amulet)
Stlth   +++++        (no ring)
HPRegen 0.25/turn    (no ring)
MPRegen 0.11/turn

%: no teleportation
@: very quick
A: very small, no large weapons, unfitting armour, see invisible, speed 3
a: no special abilities


You were in the Dungeon.
You visited 1 branch You collected 654 gold pieces.

Inventory:

Hand Weapons
 a - a +0 dagger (weapon)
Armour
 c - a +0 robe (worn)
Wands
 d - a wand of charming (15)
 l - a wand of digging (6)
Scrolls
 b - a scroll of brand weapon {unknown}
 k - a scroll of blinking
Potions
 f - 4 potions of curing
 g - a potion of heal wounds
 h - a potion of haste
 i - 2 potions of magic
 j - a potion of berserk rage


   Skills:
 - Level 0.7 Fighting
 + Level 11.5 Dodging
 + Level 13.1 Stealth
 * Level 15.8 Evocations


You had 6 spell levels left.
You didn't know any spells.
Your spell library was empty.

Dungeon Overview and Level Annotations

Branches:
Dungeon (1/1)

Altars:
Sif Muna
Vehumet
Wu Jian

Shops:
D (


Innate Abilities, Weirdness & Mutations

You are very small and have problems with some larger weapons.
You are too small for most types of armour.
You have supernaturally acute eyesight. (SInv)
You cover ground extremely quickly. (Speed+++)


Message History

f - 3 potions of curing (gained 2)
You now have 486 gold pieces (gained 27).
You now have 513 gold pieces (gained 27).
You now have 540 gold pieces (gained 27).
You now have 546 gold pieces (gained 6).
You see here a +0 quarterstaff.
You see here a +0 hand axe.
You now have 573 gold pieces (gained 27).
You now have 600 gold pieces (gained 27).
You now have 627 gold pieces (gained 27).
f - 4 potions of curing (gained 1)
You now have 654 gold pieces (gained 27).
There is an open door here.
You open the door.
There is an open door here.
Found Meysk's Antique Weapon Boutique.
There is an entrance to Meysk's Antique Weapon Boutique here.
Unknown command.
There is an open door here.
You open the door.
A deep troll comes into view.
Found 108 gold pieces.
There is an open door here.
You see here 27 gold pieces.
You see here 27 gold pieces.
The helpless deep troll fails to defend itself.
You skewer the deep troll like a kebab!!!
The deep troll is severely wounded.
The deep troll completely misses you. The deep troll closely misses you.
The deep troll completely misses you.
You hit the deep troll.
The deep troll is almost dead.
The deep troll completely misses you. The deep troll claws you!
The deep troll closely misses you.
You hit the deep troll but do no damage.
The deep troll is almost dead.
The deep troll bites you!
* * * LOW HITPOINT WARNING * * *
The deep troll closely misses you. The deep troll claws you!
You die...

#..#####'#####'# #..#
#..#...#)# #..#
####..##)# #..#
##'#_.+ #⌠⌠# +..._#
##.# #_.#'# #..#
##)#.#
############.####+###
#∩........'...'$@T$$+
###++++####...#######
###.### #.#'#.#
#.....# #..)).#
#######


You could see a deep troll.

Vanquished Creatures
  Sonja (D)
  Sigmund (D)
  An ogre (D)
  A jelly (D)
  Ijyb (D)
  A ballistomycete spore (D)
6 creatures vanquished.

Vanquished Creatures (others)
  A ballistomycete spore (D)
1 creature vanquished.

Grand Total: 7 creatures vanquished

Notes
Turn   | Place    | Note
-------+----------+-------------------------------------------
     0 | D        | Heoruswealwe the Spriggan Artificer began the quest for the
                  | Orb.
     0 | D        | Reached XP level 1. HP: 9/9 MP: 2/2
     1 | D        | Noticed Ijyb
    10 | D        | Killed Ijyb
    11 | D        | Reached skill level 6 in Evocations
    11 | D        | Reached XP level 2. HP: 5/14 MP: 3/3
    61 | D        | Noticed an ogre
    63 | D        | Killed an ogre
    64 | D        | Reached skill level 9 in Evocations
    64 | D        | Reached XP level 3. HP: 17/17 MP: 4/4
    64 | D        | Reached XP level 4. HP: 21/21 MP: 5/5
    75 | D        | Noticed Sigmund
    81 | D        | Killed Sigmund
    82 | D        | Reached skill level 12 in Evocations
    82 | D        | Reached XP level 5. HP: 24/25 MP: 6/6
    82 | D        | Reached XP level 6. HP: 28/29 MP: 7/7
    97 | D        | Found an ornate altar of the Wu Jian Council.
    97 | D        | Found a shimmering blue altar of Sif Muna.
   101 | D        | Found a radiant altar of Vehumet.
   107 | D        | Reached skill level 10 in Stealth
   167 | D        | Noticed Sonja
   169 | D        | Killed Sonja
   170 | D        | Reached skill level 15 in Evocations
   170 | D        | Reached XP level 7. HP: 8/32 MP: 8/8
   367 | D        | Found Meysk's Antique Weapon Boutique.
   387 | D        | Noticed a deep troll
   393 | D        | Slain by a deep troll

Illustrated notes

Levels and vault maps discovered:
D:        dungeon_sprint_1 [red_sonja_temple_1, red_sonja_temple_small_1]

Skill      XL: |  1  2  3  4  5  6 |
---------------+-------------------+-----
Dodging        | 4 6 8 11 | 11.5
Stealth        | 4 7 9 13 | 13.1
Evocations     | 6 9 12 15 | 15.8
Fighting       | |  0.7

Action                     |  1- 3 |  4- 6 |  7- 9 || total
---------------------------+-------+-------+-------++-------
  Melee: Dagger            |       |     4 |     4 ||     8
  Evoke: Wand              |    12 |     9 |       ||    21
   Stab: Sleeping          |       |       |     2 ||     2
 Armour: Robe              |     1 |       |       ||     1
  Dodge: Dodged            |     3 |     5 |     6 ||    14
